woodfighter, chaotic female elven Priestess ------ |....| ----- |....| -------############..{.| -------- |....| #.......### |..(| |......| |....| %##|.....|############....| |....>.| ---|--# # |.....-# # # ---.- |......| # # ### -------# # ## |.......##################)############################## ##` # ------.- # # # #################### # ### # ##[#-------- # ### # # -----|------ ##|.......### # #%### # |.$.Bl.)%u..#######-......| ----.------- #-.-.- ### ###|...$I%d$%.| |......| |.........`| |...| # # #+..$o..%%%%| |......| |..------..| |...| --.-- #####|i$...$$$$$| -------- |..| |..| |..<| |.^.| # ------------ |..| |..| +.{.| |....#### |..------..| ----- |...| |..........| ----- ------------ woodfighter the Priestess Experience level: 10 Strength: 25 Dexterity: 15 Constitution: 16 Intelligence: 21 Wisdom: 10 Charisma: 9 Health: 0(68) Energy: 116(116) Def: 14 Gold: 0 Moves: 15144 Dungeon seed: kmTxfBB8RO1bVxNs Game ID: woodfighter_1534164992 Your Inventory: Amulets e - an amulet of life saving Weapons a - a blessed +1 mace (weapon in hand) Q - 4 +0 dwarvish spears (in quiver) T - a blessed +3 dwarvish spear named Righteous Spear Armor k - a blessed +1 Uruk-hai shield (being worn) n - a +0 cloak of displacement (being worn) w - a +0 dwarvish mithril-coat (being worn) z - a very rusty +0 pair of gauntlets of power (being worn) N - a blessed +2 orcish helm (being worn) Y - a +0 pair of elven boots (being worn) Comestibles v - a food ration H - 4 magic beans Z - a lizard corpse Potions h - a blessed potion of enlightenment Rings B - a ring of poison resistance (on right hand) K - a ring of teleport control (on left hand) Wands d - a wand of fire (0:4) f - a wand of death (0:4) P - a wand of opening (0:6) Tools b - a stethoscope s - a bag of holding y - a skeleton key W - a blindfold Gems g - a luckstone Contents of the bag of holding: 1271 gold pieces a +1 mummy wrapping 2 eucalyptus leaves 2 sprigs of wolfsbane a scroll of destroy armor a scroll of enchant weapon a wand of fire [0:4] a [+0] pick-axe Spells and supernatural/magical abilities: Name Level Category Fail Memory h - healing 1 healing 100% 25% n - detect monsters 1 divination 100% 25% p - protection 1 clerical 100% 25% W - pray for help -- divine ? -- X - turn undead -- divine ? -- Your skills at the end: Miscellaneous Skills shield [Skilled] wands [Basic] Weapon Skills mace [Expert] Spellcasting Skills clerical spells [Basic] Final Attributes: You were piously aligned. You were cold resistant. You were sleep resistant. You were shock resistant. You were poison resistant. Your writing hand was a little cramped from use. You were telepathic. You had infravision. You were invisible. You were displaced. You were very stealthy. You had teleport control. You were lucky. You had extra luck. Bad luck did not time out for you. Good luck did not time out for you. You are dead. Vanquished creatures: a young silver dragon 2 giant mimics a flesh golem 2 small mimics a xan 2 trolls a flaming sphere 2 tigers 2 tengu a gelatinous cube a leocrotta 2 energy vortices 2 wraiths 2 giant beetles 4 wolves 4 winter wolf cubs 3 leprechauns a spotted jelly a lizard 2 giant spiders an iron piercer an ice vortex a vampire bat 4 gnome kings an owlbear a gold golem a werewolf 2 dogs a dingo 2 jaguars 3 dwarf lords 2 blue jellies a water nymph 2 gnome mummies a Woodland-elf a snake a soldier ant 2 fire ants a yellow light 5 bugbears 3 wood nymphs 3 Mordor orcs 12 Uruk-hai an orc shaman 2 rock piercers a pony 4 shriekers 2 violet fungi 23 gnome lords 4 gnomish wizards a kobold mummy a black naga hatchling a golden naga hatchling 2 gray oozes 2 barrow wights a straw golem 8 giant ants a floating eye a kitten 19 dwarves 2 quasits 2 kobold lords 2 kobold shamans 4 iguanas 16 hill orcs 3 rothes 4 jitterbugs a monkey 2 orc zombies 19 killer bees 2 coyotes 2 gas spores 8 hobbits 7 acid blobs 3 large kobolds 6 geckos 8 hobgoblins 8 giant rats 4 cave spiders 5 yellow molds 5 green molds 2 red molds 57 gnomes 8 garter snakes 4 manes 2 gnome zombies 9 jackals 3 foxes 6 kobolds 9 newts 5 goblins 16 grid bugs 4 bats 7 lichens 3 kobold zombies 411 creatures vanquished. Voluntary challenges: You did not cause conflict. You did not have reflection. You were an atheist. You used a wielded weapon 575 times, starting on turn 39. You did not apply a unicorn horn. You did not use plumbed fixtures. You did not drink any magical draughts. You read items or engraved 5 times, starting on turn 3835. You never genocided any monsters. You never polymorphed an object. You never changed form. You completed Sokoban on turn 5980, according to the rules. You used no wishes. You never split a pudding. You wrote Elbereth's name 2 times, starting on turn 8760. You never violated your personal moral code. Dungeon overview: The Dungeons of Doom: levels 1 to 11 Level 1 a long staircase Level 2 a scroll shop stairs to The Gnomish Mines Level 3 some fountains, a sink Level 4 a fountain Level 5 (box + throne) a throne Level 6 (eye) many fountains Level 7 stairs to Sokoban Level 8 Level 9 a temple to Lugh, a fountain Level 10 <- You were here some fountains Level 11 The Gnomish Mines: levels 3 to 10 Level 3 stairs to The Dungeons of Doom Level 4 Level 5 Level 6 (black unicorn) some shops, a temple to Lugh, a magic chest, some fountains Level 7 Level 8 Level 9 Level 10 a magic chest, a fountain Sokoban: levels 3 to 6 Level 3 a magic chest Level 4 (eye) Level 5 Level 6 a magic chest stairs to The Dungeons of Doom History has recorded: On T:1 you entered the Dungeons of Doom to retrieve the Amulet of Yendor! On T:401 you reached level 2 of The Dungeons of Doom. On T:468 you advanced to experience level 2. On T:488 you reached level 3 of The Dungeons of Doom. On T:615 you reached level 1 of The Gnomish Mines. On T:800 you advanced to experience level 3. On T:937 you reached level 4 of The Dungeons of Doom. On T:1274 you advanced to experience level 4. On T:1296 you reached level 5 of The Dungeons of Doom. On T:2111 you advanced to experience level 5. On T:2206 you reached level 6 of The Dungeons of Doom. On T:2576 you advanced to experience level 6. On T:2602 you reached level 7 of The Dungeons of Doom. On T:2848 you reached level 4 of Sokoban. On T:2919 you opened a magic chest. On T:3150 you reached level 3 of Sokoban. On T:3990 you reached level 2 of Sokoban. On T:4972 you advanced to experience level 7. On T:4978 you reached level 1 of Sokoban. On T:5980 you advanced to experience level 8. On T:5980 you entered the Sokoban zoo. On T:6797 you reached level 2 of The Gnomish Mines. On T:7322 you reached level 3 of The Gnomish Mines. On T:7990 you reached level 4 of The Gnomish Mines. On T:8286 you entered the Minetown temple On T:8414 you reached level 5 of The Gnomish Mines. On T:8601 you advanced to experience level 9. On T:8739 you reached level 7 of The Gnomish Mines. On T:9279 you reached level 8 of The Gnomish Mines. On T:9279 you reached the bottom of the Mines. On T:9494 you reached level 6 of The Gnomish Mines. On T:13420 you reached level 8 of The Dungeons of Doom. On T:13826 you advanced to experience level 10. On T:14088 you reached level 9 of The Dungeons of Doom. On T:14364 you reached level 10 of The Dungeons of Doom. On T:14767 you reached level 11 of The Dungeons of Doom. Score breakdown: Gold: 1271 ( 127 points) Experience: 10 levels ( 900 points) Exploration: 11 levels ( 300 points) Discoveries: 34 items ( 1700 points) Variety of kills: 95 monsters ( 2000 points) Major goal: Sokoban/Mines ( 1500 points) Survival: died (score multiplied by 3) Total score: 19581 Latest messages: The warhorse misses the violet fungus. The violet fungus misses the warhorse. (2x) The large dog bites! The newt misses. The giant ant misses the warhorse. The warhorse kicks the violet fungus. The warhorse bites the violet fungus. The large dog misses. You hit the giant beetle! The warhorse kicks the violet fungus. The violet fungus is killed! The large dog bites! You kill the giant beetle! The large dog bites! The newt misses. The giant ant bumps right into you! You hit the giant ant! The large dog misses. The giant ant misses. You kill the giant ant! The large dog misses. Something misses. The newt bites! The large dog bites! You see here a cursed knife. The large dog bites! You die... Final status: Goodbye woodfighter the Priestess, killed by a large dog... You died in The Dungeons of Doom on dungeon level 10 with 19581 points, and 1271 pieces of gold, after 15144 moves. You were level 10 with a maximum of 68 hit points when you died.